 Dungeon Crawl Stone Soup version 0.29-b1-12-g9e2288ab2a (webtiles) character file.

Game seed: 8914122286524224922

93 worthlessgem the Scratcher (level 4, 0/19 HPs)
             Began as a Felid Transmuter on Aug 24, 2022.
             Slain by a kobold brigand
             ... wielding a +0 whip
              (5 damage)
             ... on level 4 of the Dungeon.
             The game lasted 00:21:54 (3364 turns).

worthlessgem the Scratcher (Felid Transmuter)       Turns: 3364, Time: 00:21:55

Health: 0/19       AC:  1    Str:  8    XL:     4   Next: 37%
Magic:  2/8        EV: 17    Int: 14    God:
Gold:   231        SH:  0    Dex: 16    Spells: 0/7 levels left
                                        Lives:  0   Deaths: 1

rFire   . . .      SeeInvis +     - Unarmed
rCold   . . .      Faith    .   (shield unavailable)
rNeg    . . .      Spirit   .   (body armour unavailable)
rPois   .          Reflect  .   (helmet unavailable)
rElec   .          Harm     .   (cloak unavailable)
rCorr   .          Rampage  .   (gloves unavailable)
Will    .....                   (boots unavailable)
Stlth   +.........              (no amulet)
HPRegen 0.06/turn               (no ring)
MPRegen 0.11/turn               (no ring)

@: appendages (expiring), very slightly contaminated, quick
A: horns 2, very small, claws 1, fangs 3, see invisible, speed 1, shaggy fur 1,
stealthy paws, no weapons or thrown items, no armour, multi-lived
a: End Transformation


You were on level 4 of the Dungeon.
You had temporarily grown beastly horns.
You visited 1 branch of the dungeon, and saw 4 of its levels.

You collected 231 gold pieces.

Inventory:

Jewellery
 l - a ring of wizardry
Wands
 n - a wand of polymorph (12)
Scrolls
 b - a scroll of teleportation {unknown}
 c - a scroll of fear {unknown}
 e - a scroll of fog {unknown}
 f - 6 scrolls of identify {unknown}
 i - a scroll of blinking {unknown}
Potions
 a - a potion of lignification
 d - a potion of might
 g - a potion of heal wounds {unknown}
 h - a potion of curing
 j - a potion of ambrosia {unknown}
 k - a potion of cancellation
 m - a potion of magic {unknown}


   Skills:
 - Level 2.3 Fighting
 - Level 2.6 Dodging
 - Level 4.3 Unarmed Combat
 - Level 2.0 Spellcasting
 - Level 3.5 Transmutations
 + Level 1.4 Poison Magic


You couldn't memorise any spells.
You knew the following spells:

 Your Spells              Type           Power      Damage    Failure   Level
a - Beastly Appendage     Tmut           22%        N/A       5%          1
b - Wereblood             Tmut           11%        N/A       9%          2
c - Spider Form           Tmut/Pois      8%         N/A       26%         3
d - Sting                 Tmut/Pois      32%        1d4       9%          1

Your spell library contained the following spells:

 Spells                   Type           Power      Damage    Failure   Level
 Poisonous Vapours        Pois/Air       6%         N/A       26%         2
 Ice Form                 Ice/Tmut       6%         N/A       75%         4
 Olgreb's Toxic Radiance  Pois           5%         N/A       78%         4


Dungeon Overview and Level Annotations

Branches:
Dungeon (4/15)
 Temple: D:4-7

Altars:
Ru

Annotations:
D:3 Natasha


Innate Abilities, Weirdness & Mutations

You have temporarily grown beastly horns.
You have sharp claws.
You have razor-sharp teeth.
You have supernaturally acute eyesight. (SInv)
You cover ground quickly. (Speed+)
You are covered in fur. (AC +1)
Your paws help you pounce on unaware monsters.
You are incapable of wielding weapons or throwing items.
You cannot wear armour.
You gain extra lives every three experience levels.


Message History

Aim: a kobold brigand, wielding a +0 whip, wearing a +0 scale mail and quivering poisoned darts (lightly wounded, strong, poisoned, 64% to hit)
The sting misses the kobold brigand.
The kobold brigand closely misses you.
Unknown command.
Casting: Sting (safe; 9% risk of failure)
Confirm with . or Enter, or press ? or * to list all spells.
Aiming: Sting (safe; 9% risk of failure)
Press: ? - help, Shift-Dir - straight line, f/p - kobold brigand
Aim: a kobold brigand, wielding a +0 whip, wearing a +0 scale mail and quivering poisoned darts (lightly wounded, strong, poisoned, 64% to hit)
The sting misses the kobold brigand.
The kobold brigand barely misses you.
Unknown command.
You scratch the kobold brigand.
The kobold brigand is moderately wounded.
The kobold brigand barely misses you.
You scratch the kobold brigand but do no damage.
The kobold brigand is moderately wounded.
The kobold brigand barely misses you.
You closely miss the kobold brigand.
Your headbutt misses the kobold brigand.
You bite the kobold brigand.
The kobold brigand is moderately wounded.
The kobold brigand looks more healthy.
The kobold brigand misses you.
You scratch the kobold brigand but do no damage.
The kobold brigand is moderately wounded.
The kobold brigand closely misses you.
You scratch the kobold brigand but do no damage.
Your headbutt misses the kobold brigand.
You bite the kobold brigand, but do no damage.
The kobold brigand is moderately wounded.
The kobold brigand hits you with a +0 whip!
Ouch! That really hurt!
* * * LOW HITPOINT WARNING * * *
Casting: Sting (safe; 9% risk of failure)
Confirm with . or Enter, or press ? or * to list all spells.
The spell is astonishingly dangerous to miscast (26% risk of failure)!
Continue anyway?
You miscast Spider Form.
You are very lightly contaminated with residual magic.
Nothing appears to happen.
Your transformation is almost over.
The kobold brigand hits you with a +0 whip.
You die...

###.##..###....##+####
#####.##..###....#
.................# .
.................#.......
.................#.......#
.................#<..>...#
.................#.......#
#############+####.......######
................@K§............
................≈§§≈§≈≈........
.............†....§§≈§≈≈.......
................8†..._§≈.?.....
..................≈≈≈≈§≈.?.....
................≈≈≈≈≈≈≈........
####'###................§#...
.+.....#.........#.......# ..
.#.....#.........#.......# .


You could see a kobold brigand (strong).

Vanquished Creatures
  An iguana (D:4)
  An orc wizard (D:4)
  2 adders
  2 worms
  4 dart slugs
  2 orcs
  3 ball pythons
  9 endoplasms
  3 giant cockroaches
  8 goblins
  13 hobgoblins
  2 jackals (D:2)
  5 kobolds
  3 quokkas
  2 bats
  3 frilled lizards
  2 rats
65 creatures vanquished.

Notes
Turn   | Place    | Note
-------+----------+-------------------------------------------
     0 | D:1      | worthlessgem the Felid Transmuter began the quest for the
                  | Orb.
     0 | D:1      | Reached XP level 1. HP: 9/9 MP: 4/4
   228 | D:1      | Reached XP level 2. HP: 12/12 MP: 4/6
   389 | D:1      | Learned a level 2 spell: Wereblood
   575 | D:1      | Reached skill level 4 in Unarmed Combat
   939 | D:1      | Reached XP level 3. HP: 15/15 MP: 7/7
  1786 | D:2      | Reached XP level 4. HP: 19/19 MP: 2/8
  1845 | D:2      | Learned a level 3 spell: Spider Form
  2307 | D:3      | Found a faded altar of an unknown god.
  2527 | D:3      | Noticed Natasha
  3058 | D:4      | Noticed a kobold brigand
  3124 | D:4      | Found a sacrificial altar of Ru.
  3266 | D:4      | Killed by miscasting Spider Form
  3267 | D:4      | Reached XP level 3. HP: -7/16 MP: 0/7
  3268 | D:4      | Reached skill level 1 in Poison Magic
  3268 | D:4      | Reached XP level 4. HP: 19/19 MP: 8/8
  3295 | D:4      | Learned a level 1 spell: Sting
  3364 | D:4      | Slain by a kobold brigand

Illustrated notes

Levels and vault maps discovered:
D:1:      nzn_arrival_depleted_hourglass, layout_loops_ring, minmay_3d_cube
D:2:      layout_basic, hangedman_decor_riveting
D:3:      minmay_angry_zag, layout_basic, basic_ecumenical_altar, uniq_natasha
D:4:      layout_gridville, mainiacjoe_overflow_catwalk,
          minmay_temple_entry_statues_fountains, kennysheep_another_room

Skill      XL: |  1  2  3  4 |
---------------+-------------+-----
Unarmed Combat | 4 |  4.3
Fighting       | 2 |  2.3
Transmutations | 3 |  3.5
Poison Magic   | 1 |  1.4
Dodging        | |  2.6
Spellcasting   | |  2.0

Action                   |  1- 3 |  4- 6 || total
-------------------------+-------+-------++-------
Melee: Unarmed           |   102 |    62 ||   164
       Bite              |    11 |     7 ||    18
       Headbutt          |    12 |     7 ||    19
       Punch             |     2 |       ||     2
 Cast: Beastly Appendage |    26 |    13 ||    39
       Wereblood         |     2 |       ||     2
       Spider Form       |       |     5 ||     5
       Sting             |       |     4 ||     4
 Abil: End Transformatio |       |     1 ||     1
  Use: Potion            |       |     4 ||     4
 Stab: Sleeping          |     4 |       ||     4
       Distracted        |     1 |       ||     1
Armor: Skin              |     2 |       ||     2
Dodge: Dodged            |    54 |    48 ||   102
